 Dungeon Crawl Stone Soup version 0.31-a0-977-gc230f8ef24 (webtiles) character file.

Game seed: 18066395435331045105

535 sammy202020 the Trooper (level 7, -2/4 HPs)
             Began as a Gargoyle Fighter on Oct 30, 2023.
             Slain by a centaur (6 damage)
             ... on level 5 of the Dungeon.
             The game lasted 00:05:09 (4005 turns).

sammy202020 the Trooper (Gargoyle Fighter)          Turns: 4005, Time: 00:05:11

Health: -2/4       AC:  8    Str: 20    XL:     7   Next: 25%
Magic:  7/7        EV: 10    Int: 10    God:
Gold:   306        SH:  8    Dex:  9    Spells: 6/6 levels left

rFire   . . .        a - +1 flail (heavy)
rCold   + . .        j - +0 kite shield
rNeg    + + +        c - +0 troll leather armour {Pargi}
rPois   ∞            (no helmet)
rElec   +            (no cloak)
rCorr   .            (no gloves)
SInv    .            (no boots)
Will    +....        (no amulet)
Stlth   +            (no ring)
HPRegen 1.00/turn    (no ring)
MPRegen 0.10/turn

%: no passive effects
@: death-form
A: vile attack, torment immunity, no potions, reduced hp, sickness immunity, AC
+4, negative energy resistance 1, electricity resistance, torment resistance 1,
petrification resistance, wild magic 1
a: Siphon Essence, Begin Untransformation


You were on level 5 of the Dungeon.
You were an undying horror.
You visited 1 branch of the dungeon, and saw 5 of its levels.
You also visited: Sewer.

You collected 306 gold pieces.

Inventory:

Hand Weapons
 a - a +1 heavy flail (weapon)
 f - the +2 long sword of the Twisting Seeker {flame, Stlth+}
   (You found it on level 3 of the Dungeon)

   Stlth+:    It makes you more stealthy.
Missiles
 g - 4 throwing nets
Armour
 b - a +0 scale mail
 c - a +0 troll leather armour (worn) {Pargi}
 j - a +0 kite shield (worn)
Talismans
 p - a talisman of death (active)
Wands
 l - a wand of flame (16)
Scrolls
 m - 2 scrolls of amnesia
 n - a scroll of revelation
Potions
 d - 2 potions of might
 e - a potion of degeneration {unknown}
 h - a potion of invisibility
 i - 3 potions of curing
 k - 2 potions of haste
 o - 2 potions of berserk rage


   Skills:
 * Level 5.0 Fighting
 * Level 3.9 Maces & Flails
 * Level 5.0 Armour
 + Level 1.8 Dodging
 * Level 5.0 Shields


You had 6 spell levels left.
You didn't know any spells.
Your spell library contained the following spells:

 Spells                   Type           Power      Damage    Failure   Level
 Magic Dart               Conj           0%         1d3       78%         1
 Call Imp                 Summ           0%         N/A       88%         2
 Hailstorm                Conj/Ice       0%         3d3       98%         3
 Mephitic Cloud           Conj/Pois/Air  0%         N/A       98%         3
 Summon Ice Beast         Ice/Summ       0%         N/A       100%        4
 Alistair's Intoxication  Tmut/Pois      0%         N/A       100%        5
 Borgnjor's Vile Clutch   Necr/Erth      0%         N/A       100%        5
 Conjure Ball Lightning   Conj/Air       0%         3x3d6     100%        6
 Eringya's Noxious Bog    Tmut/Pois      0%         4d6       100%        6
 Simulacrum               Ice/Necr       0%         N/A       100%        6
 Discord                  Hex            0%         N/A       100%        8
 Disjunction              Tloc           0%         N/A       100%        8


Dungeon Overview and Level Annotations

Branches:
Dungeon (5/15)              Sewer (visited)
 Temple: D:4-7

Altars:
Kikubaaqudgha
The Shining One


Innate Abilities, Weirdness & Mutations

You are an undying horror.
Your melee and unarmed attacks drain, slow and weaken victims.
You are immune to unholy pain and torment.
You cannot drink.
Your maximum health is decreased, since you lack skill for your form.
You are immune to sickness and miasma.
Your stone body is resilient. (AC +4)
You are immune to poison.
You resist negative energy. (rN+)
You are resistant to electric shocks. (rElec)
You are resistant to unholy torment.
You are immune to petrification.
Your spells are a little harder to cast, but a little more powerful.


Message History

The centaur closely misses you. The gnoll hits you but does no damage.
The centaur hits you. The centaur barely misses you.
The centaur wields a +0 shortbow.
The centaur shoots an arrow.
The arrow hits you.
The centaur shoots an arrow.
The arrow hits you. You block the gnoll's attack.
You see here a talisman of death.
p - a talisman of death The centaur shoots an arrow.
The arrow hits you.
The gnoll hits you from afar with a +0 spear.
You block the gnoll's attack.
Unknown command.
There are monsters nearby!
The centaur unwields a +0 shortbow.
The centaur hits you but does no damage.
You block the centaur's attack.
The gnoll hits you from afar with a +0 spear. x2
You begin transforming.
You continue transforming.
You block the centaur's attack. x2; The gnoll closely misses you.
The gnoll hits you but does no damage. The centaur barely misses you.
The centaur kicks you.
You continue transforming.
The centaur hits you.
The centaur kicks you but does no damage.
The gnoll barely misses you.
The gnoll hits you from afar with a +0 spear.
You continue transforming.
The centaur closely misses you. The centaur barely misses you.
The gnoll hits you but does no damage. x2; You block the centaur's attack.
The centaur kicks you but does no damage.
Your flesh twists and warps into a mockery of life!
HP restored.
You barely miss the centaur.
The centaur is heavily wounded.
The centaur hits you but does no damage.
The centaur kicks you but does no damage.
The gnoll hits you but does no damage. The gnoll closely misses you.
The centaur hits you.
Ouch! That really hurt!
You die...

.... .... .....
##### ..... #...##
......+....##### #
......#....#gcz# #$.
........c÷.#.#.#...#
###'#...g.#.#gg....
#..........#g#...#
#.........<#...###
#.....g.......#.....
#......#...##.#.####
#......#.#^...#.
#......#.#.####


You could see a centaur and 3 gnolls.

Vanquished Creatures
  Pargi (D:3)
  A black bear (D:4)
  An ogre (D:4)
  A hound (D:4)
  4 gnolls (D:4)
  4 adders
  7 river rats
  A white imp (D:3)
  3 dart slugs
  An orc (D:3)
  10 ball pythons
  7 endoplasms
  7 giant cockroaches
  6 goblins
  7 hobgoblins
  4 jackals
  4 quokkas
  A bat (D:2)
  18 frilled lizards
  8 kobolds
  10 rats
106 creatures vanquished.

Notes
Turn   | Place    | Note
-------+----------+-------------------------------------------
     0 | D:1      | sammy202020 the Gargoyle Fighter began the quest for the
                  | Orb.
     0 | D:1      | Reached XP level 1. HP: 14/14 MP: 1/1
   405 | D:1      | Reached XP level 2. HP: 19/19 MP: 2/2
   573 | D:1      | Reached XP level 3. HP: 23/23 MP: 3/3
  1096 | D:1      | Found a faded altar of an unknown god.
  1811 | D:2      | Reached XP level 4. HP: 29/29 MP: 4/4
  2040 | D:3      | Noticed Pargi
  2056 | D:3      | Killed Pargi
  2057 | D:3      | Reached skill level 1 in Dodging
  2057 | D:3      | Reached XP level 5. HP: 27/33 MP: 5/5
  2173 | D:3      | Identified the +2 long sword of the Twisting Seeker {flame,
                  | Stlth+}
  2271 | D:3      | Found a glowing golden altar of the Shining One.
  2810 | D:4      | Noticed an ogre
  2818 | D:4      | Killed an ogre
  2819 | D:4      | Reached XP level 6. HP: 24/39 MP: 6/6
  2843 | D:4      | Found an ancient bone altar of Kikubaaqudgha.
  2870 | D:4      | Noticed a black bear
  2880 | D:4      | Killed a black bear
  2927 | D:4      | Found a glowing drain.
  2959 | Sewer    | Entered a sewer
  3088 | Sewer    | Reached XP level 7. HP: 44/44 MP: 7/7
  3342 | Sewer    | Gained mutation: Your spells are a little harder to cast,
                  | but a little more powerful. [potion of mutation]
  3496 | D:4      | Reached skill level 5 in Fighting
  3503 | D:4      | Reached skill level 5 in Shields
  3509 | D:4      | Reached skill level 5 in Armour
  3651 | D:4      | Identified the +5 whip "Qomuorhu" {flame, rElec}
  3736 | D:5      | Entered Level 5 of the Dungeon
  4005 | D:5      | Slain by a centaur

Illustrated notes

Levels and vault maps discovered:
D:1:      minmay_arrival_semitransparent, layout_basic, basic_ecumenical_altar,
          minivault_11
D:2:      layout_basic, minmay_lizard_pond
D:3:      layout_loops_cross, tso_metal_star, uniq_pargi
D:4:      layout_cave_pools, kiku_gazebo_pond_becter, portal_sewer_entry_b
D:5:      layout_basic, lemuel_tele_altar, minmay_temple_entry_junction

Skill      XL: |  1  2  3  4  5  6  7 |
---------------+----------------------+-----
Fighting       | 4 5 |  5.0
Maces & Flails | 3 |  3.9
Armour         | 4 5 |  5.0
Dodging        | 1 |  1.8
Shields        | 4 5 |  5.0

Action                     |  1- 3 |  4- 6 |  7- 9 || total
---------------------------+-------+-------+-------++-------
  Melee: Flail             |   138 |   158 |    73 ||   369
    Use: Scroll            |     3 |     7 |     2 ||    12
         Potion            |       |     1 |     2 ||     3
 Armour: Scale mail        |    98 |    31 |       ||   129
         Troll leather arm |       |   105 |   101 ||   206
  Dodge: Dodged            |    57 |    73 |    61 ||   191
  Block: Buckler           |    19 |       |       ||    19
         Kite shield       |    35 |    76 |    49 ||   160
   Form: Death             |       |       |     1 ||     1

Table legend: (Time is in decaauts)
 A = Elapsed time spent in this place.
 B = Non-inter-level travel time spent in this place.
 C = Inter-level travel time spent in this place.
 D = Time resting spent in this place.
 E = Time spent auto-exploring this place.
 F = Levels seen in this place.
 G = Mean time per level.
                   A        B        C        D        E       F      G
               +--------+--------+--------+--------+--------+-----+--------+
         Total |   4214 |   4174 |     40 |    479 |   2634 |   6 |  702.3 |
       Dungeon |   3725 |   3685 |     40 |    479 |   2372 |   5 |  745.0 |
         Sewer |    488 |    488 |      0 |      0 |    262 |   1 |  488.0 |
               +--------+--------+--------+--------+--------+-----+--------+

Top non-repeatable levels by time:
     D:1: 1249 daAuts
     D:4: 827 daAuts
     D:2: 825 daAuts
     D:3: 788 daAuts
   Sewer: 488 daAuts
     D:5: 35 daAuts
